 Dungeon Crawl Stone Soup version 0.27-a0-1555-g0e7b3fb1d2 (webtiles) character file.

Game seed: 15978944794607564829

882 Leszczynek the Slasher (level 8, 55/96 HPs)
             Began as a Human Gladiator on July 14, 2021.
             Was a Follower of Okawaru.
             Quit the game on level 4 of the Dungeon.
             The game lasted 00:16:11 (1724 turns).

Leszczynek the Slasher (Human Gladiator)            Turns: 1724, Time: 00:16:12

Health: 55/96      AC: 24    Str: 15    XL:     8   Next: 25%
Magic:  8/8        EV:  2    Int: 11    God:    Okawaru [*.....]
Gold:   138        SH:  0    Dex: 14    Spells: 7/7 levels left

rFire    . . .     SeeInvis .   t - +4 falchion
rCold    . . .     Faith    .   (no shield)
rNeg     + + +     Spirit   .   (armour currently unavailable)
rPois    +         Reflect  .   (helmet currently unavailable)
rElec    .         Harm     .   (cloak currently unavailable)
rCorr    .         Rampage  .   (gloves currently unavailable)
Will     .....     NoTele   +   (boots currently unavailable)
Stlth    +.........             (no amulet)
HPRegen  0.26/turn              (no ring)
MPRegen  0.11/turn              (no ring)

@: confused, lit by a corona, tree-form, ambrosia-drunk, glowing
A: stationary, stasis, torment immunity, boosted hp
a: Renounce Religion, Heroism


You were on level 4 of the Dungeon.
You worshipped Okawaru.
Okawaru was aware of your devotion.
You were a tree.
You visited 1 branch of the dungeon, and saw 5 of its levels.

You collected 138 gold pieces.

Inventory:

Hand Weapons
 a - a +0 quarterstaff
 t - a +4 falchion (weapon)
Missiles
 d - 2 throwing nets (quivered)
 o - 7 boomerangs
 q - 7 atropa-tipped darts
 r - 19 sling bullets
Armour
 b - a +0 leather armour
 c - a +0 helmet (melded)
 f - a +2 tower shield
 j - a +0 scale mail
 v - a +0 ring mail (melded)
Jewellery
 u - a ring of flight
Wands
 n - a wand of mindburst (5)
Scrolls
 e - a scroll of fog {unknown}
 h - a scroll of enchant armour {unknown}
 i - 4 scrolls of teleportation {unknown}
 k - 2 scrolls of blinking {unknown}
 p - a scroll of magic mapping {unknown}
Potions
 g - 2 potions of lignification {!q}
 m - a potion of curing {unknown}
 s - a potion of haste {unknown}


   Skills:
 + Level 5.7 Fighting
 * Level 6.9 Long Blades
 - Level 3.0 Staves
 - Level 2.0 Throwing
 - Level 3.0 Dodging


You had 7 spell levels left.
You didn't know any spells.
Your spell library was empty.

Dungeon Overview and Level Annotations

Branches:
Dungeon (5/15)
 Temple: D:4-7

Altars:
Okawaru
Uskayaw

Shops:
D:3 [[(

Annotations:
D:2 Terence
D:4 Blork the orc
D:5 Prince Ribbit


Message History

Enter note: .............
Really quaff
g - 3 potions of lignification {!q}?
Really quaff the potion of lignification?
You turn into a tree.
Your +0 helmet melds into your body.
Your +0 ring mail melds into your body.
Your roots penetrate the ground.
Blork the orc hits you but does no damage.
The gnoll shaman calls upon its god to speed up the gnoll.
The gnoll seems to speed up.
Okay, then.
Okay, then.
It was a potion of ambrosia.
You are confused.
You feel invigorated.
Blork the orc hits you but does no damage.
The gnoll shaman invokes the aid of its god against you.
You are outlined in light.
The gnoll hits you but does no damage.
Okay, then.
Okay, then.
You cannot move. (Use ctrl+direction or * direction to attack without moving.) Unknown command.
You hit the gnoll shaman but do no damage.
The gnoll hits you but does no damage. x2
Blork the orc hits you with a +2 scimitar of holy wrath.
You hit Blork the orc.
Blork the orc is lightly wounded.
The gnoll hits you with a +0 flail. The gnoll hits you but does no damage.
The gnoll shaman calls upon its god to speed up the gnoll.
The gnoll seems to speed up.
The gnoll hits you with a +0 flail! The gnoll barely misses you.
Blork the orc barely misses you.
You completely miss Blork the orc.
Blork the orc is lightly wounded.
The gnoll completely misses you. The gnoll hits you but does no damage.
The gnoll shaman hits you with a +0 whip.
The gnoll hits you but does no damage. x2; Blork the orc completely misses you.
You barely miss the gnoll shaman. The gnoll hits you with a +0 flail.
The gnoll hits you with a +0 club.
The gnoll shaman hits you but does no damage.
The gnoll hits you but does no damage. The gnoll hits you with a +0 flail.
Blork the orc hits you but does no damage.
Are you sure you want to abandon this character and quit the game? (Confirm with "yes".)

.####
.(..##
##..######
###..#
.....(...#
# ##.##
........[#
## #..##
.........#
.####..#
.........#
.......#
.........#
..######
....!.ggo#
..#
......g♣.#
..#
......g..#
..#
.........#
..#
##########
.## ## #


You could see Blork the orc, a gnoll shaman and 3 gnolls.

Vanquished Creatures
  Pikel (D:4)
  3 lemures (D:4)
  2 phantoms (D:4)
  A scorpion (D:4)
  A water moccasin skeleton (D:3)
  An iguana (D:3)
  An orc wizard (D:5)
  A hound skeleton (D:4)
  5 adders
  A worm (D:4)
  2 dart slugs (D:1)
  5 orcs
  6 endoplasms
  2 giant cockroaches (D:4)
  4 goblins
  A hobgoblin (D:3)
  9 jackals
  6 kobolds
  9 ball pythons
  2 bats
  4 frilled lizards
  3 rats
70 creatures vanquished.

Vanquished Creatures (others)
  4 toadstools (D:1)
4 creatures vanquished.

Grand Total: 74 creatures vanquished

Notes
Turn   | Place    | Note
-------+----------+-------------------------------------------
     0 | D:1      | Leszczynek the Human Gladiator began the quest for the Orb.
     0 | D:1      | Reached XP level 1. HP: 16/16 MP: 1/1
    74 | D:1      | Reached XP level 2. HP: 16/23 MP: 2/2
   144 | D:1      | Reached skill level 3 in Fighting
   263 | D:1      | Reached XP level 3. HP: 24/29 MP: 3/3
   559 | D:2      | Noticed Terence
   722 | D:4      | Reached skill level 4 in Fighting
   722 | D:4      | Reached XP level 4. HP: 32/37 MP: 4/4
   737 | D:4      | Noticed a phantom
   814 | D:4      | Noticed an ogre
   890 | D:3      | Reached XP level 5. HP: 21/43 MP: 5/5
   946 | D:3      | Found Fiset's Antique Weapon Boutique.
   971 | D:3      | Reached skill level 5 in Fighting
   994 | D:3      | Found Goseur's Armour Shoppe.
  1045 | D:3      | Found a hide-covered altar of Uskayaw.
  1061 | D:3      | Found Obleps's Antique Armour Shop.
  1215 | D:4      | Found an iron altar of Okawaru.
  1228 | D:4      | Became a worshipper of Warmaster Okawaru
  1259 | D:4      | Noticed a lemure
  1259 | D:4      | Noticed a lemure
  1260 | D:4      | Noticed Pikel
  1289 | D:4      | Killed a lemure
  1292 | D:4      | Killed a lemure
  1316 | D:4      | Noticed a lemure
  1324 | D:4      | Noticed a lemure
  1335 | D:4      | Killed a lemure
  1339 | D:4      | Killed Pikel
  1339 | D:4      | Reached * piety under Okawaru
  1340 | D:4      | Reached skill level 5 in Long Blades
  1340 | D:4      | Reached XP level 6. HP: 45/51 MP: 6/6
  1340 | D:4      | Reached XP level 7. HP: 49/56 MP: 7/7
  1377 | D:5      | Entered Level 5 of the Dungeon
  1378 | D:5      | Noticed Prince Ribbit
  1391 | D:4      | Reached skill level 6 in Long Blades
  1432 | D:4      | Reached XP level 8. HP: 58/63 MP: 8/8
  1717 | D:4      | Noticed Blork the orc
  1718 | D:4      | .............
  1724 | D:4      | Quit the game

Illustrated notes

.####
.(..##
##..######
###..#
.....(...#
# ##.##
........[#
## #..##
.........#
.####..#
.........#
.......#
.....g...#
..######
....gg.go#
..#
.......@.#
..#
.........#
..#
.........#
..#
##########
.## ## #


Turn 1718 on D:4: .............

Levels and vault maps discovered:
D:1:      ldierk_water_garden, layout_loops_cross,
          shapermc_ecumenical_altar_totnotflames
D:2:      layout_basic, uniq_terence, uniq_crazy_yiuf_cottage
D:3:      layout_rooms, mainiacjoe_overflow_chevrons,
          nicolae_dithmenos_the_darkroom, serial_shops, nicolae_shop_crystal,
          nicolae_shop_waterfront, nicolae_shop_waterfront
D:4:      layout_rooms, okawaru_ov_weapons_minmay,
          minmay_misc_feat_more_columns, uniq_pikel, uniq_blork_the_orc
D:5:      layout_rooms, tgw_xom, uniq_prince_ribbit1

Skill      XL: |  1  2  3  4  5  6  7 |
---------------+----------------------+-----
Fighting       | 3 4 5 |  5.7
Long Blades    | 5 6 |  6.9
Staves         | |  3.0
Throwing       | |  2.0
Dodging        | |  3.0

Action                   |  1- 3 |  4- 6 |  7- 9 || total
-------------------------+-------+-------+-------++-------
Melee: Quarterstaff      |    92 |    68 |       ||   160
       Falchion          |       |     7 |    54 ||    61
Throw: Throwing net      |     1 |     2 |       ||     3
Invok: Heroism           |       |       |     1 ||     1
Evoke: Wand              |       |     8 |     5 ||    13
  Use: Potion            |       |     2 |     3 ||     5
Armor: Leather armour    |    13 |       |       ||    13
       Scale mail        |     6 |    36 |    17 ||    59
       Skin              |       |    11 |    19 ||    30
Dodge: Dodged            |    61 |    41 |    31 ||   133
       Rpst.: Falchion   |       |     2 |     7 ||     9

Table legend: (Time is in decaauts)
 A = Elapsed time spent in this place.
 B = Non-inter-level travel time spent in this place.
 C = Inter-level travel time spent in this place.
 D = Time resting spent in this place.
 E = Time spent auto-exploring this place.
 F = Levels seen in this place.
 G = Mean time per level.
                   A        B        C        D        E       F      G
               +--------+--------+--------+--------+--------+-----+--------+
         Total |   1798 |   1712 |     86 |      0 |      0 |   5 |  359.6 |
       Dungeon |   1798 |   1712 |     86 |      0 |      0 |   5 |  359.6 |
               +--------+--------+--------+--------+--------+-----+--------+

Top non-repeatable levels by time:
     D:4: 586 daAuts
     D:3: 536 daAuts
     D:1: 388 daAuts
     D:2: 224 daAuts
     D:5: 63 daAuts
